 Dungeon Crawl Stone Soup version 0.30-b1-2-g02819fbbbe (webtiles) character file.

Game seed: 5824408663274350289

249 Chingon the Grave Robber (level 5, 0/35 HPs)
             Began as a Demonspawn Necromancer on May 19, 2023.
             Slain by a gnoll
             ... wielding a +0 halberd
             ... led by a gnoll bouda
              (9 damage)
             ... on level 4 of the Dungeon.
             The game lasted 00:05:54 (2865 turns).

Chingon the Grave Robber (Demonspawn Necromancer)   Turns: 2865, Time: 00:05:55

Health: 0/35       AC:  7    Str:  8    XL:     5   Next: 87%
Magic:  8/11       EV: 12    Int: 18    God:
Gold:   195        SH:  0    Dex: 14    Spells: 11/12 levels left

rFire   . . .        l - +4 hammer of the Pyrrhic Victory {venom, rC+ rCorr Stlth+}
rCold   + . .        (no shield)
rNeg    . . .        a - +0 robe
rPois   .            (helmet restricted)
rElec   .            k - +0 cloak
rCorr   +            (no gloves)
SInv    .            (no boots)
Will    .....        (no amulet)
Stlth   +++          f - +4 ring of protection
HPRegen 0.25/turn    (no ring)
MPRegen 0.12/turn

%: no passive effects
@: weakened
A: antennae 2, foul stench 1, spiny 1
a: no special abilities


You were on level 4 of the Dungeon.
You visited 1 branch of the dungeon, and saw 4 of its levels.

You collected 195 gold pieces.

Inventory:

Hand Weapons
 l - the +4 hammer of the Pyrrhic Victory (weapon) {venom, rC+ rCorr Stlth+}
   (You found it on level 2 of the Dungeon)

   rC:        It protects you from cold.
   rCorr:     It protects you from acid and corrosion.
   Stlth:     It makes you more stealthy.
Armour
 a - a +0 robe (worn)
 k - a +0 cloak (worn)
Jewellery
 f - a +4 ring of protection (left hand)
 q - a ring of see invisible
Wands
 r - a wand of quicksilver (7)
 s - a wand of polymorph (8)
Scrolls
 c - 5 scrolls of identify {unknown}
 e - 3 scrolls of enchant weapon {unknown}
 g - a scroll of noise {unknown}
 j - a scroll of teleportation {unknown}
 m - a scroll of blinking {unknown}
 n - a scroll of poison {unknown}
 o - a scroll of vulnerability {unknown}
Potions
 b - a potion of magic
 d - 6 potions of curing {unknown}
 h - a potion of might {unknown}
 i - 2 potions of heal wounds {unknown}
 p - a potion of attraction {unknown}


   Skills:
 - Level 1.7 Dodging
 - Level 1.7 Stealth
 + Level 4.2 Spellcasting
 + Level 6.4 Necromancy


You had 11 spell levels left.
You knew the following spells:

 Your Spells              Type           Power      Damage    Failure   Level
a - Necrotise             Necr           100%       1d9       1%          1

Your spell library contained the following spells:

 Spells                   Type           Power      Damage    Failure   Level
 Vampiric Draining        Necr           26%        2d7       3%          3
 Animate Dead             Necr           26%        N/A       11%         4
 Apportation              Tloc           6%         N/A       14%         1
 Summon Small Mammal      Summ           12%        N/A       14%         1
 Ensorcelled Hibernation  Hex/Ice        6%         N/A       22%         2
 Agony                    Necr           26%        N/A       28%         5
 Anguish                  Hex/Necr       7%         N/A       36%         4
 Gell's Gravitas          Tloc           3%         N/A       41%         3
 Spider Form              Tmut/Pois      3%         N/A       41%         3
 Teleport Other           Tloc           3%         N/A       41%         3
 Cause Fear               Hex            1%         N/A       82%         4
 Dispersal                Tloc           1%         N/A       100%        6
 Dragon Form              Tmut           1%         N/A       100%        7
 Dragon's Call            Summ           1%         N/A       100%        9


Dungeon Overview and Level Annotations

Branches:
Dungeon (4/15)
 Temple: D:4-7

Altars:
Trog

Shops:
D:1 =


Innate Abilities, Weirdness & Mutations

You have a pair of antennae on your head.
You may rarely emit foul miasma when damaged in melee.
You are partially covered in sharp spines.


Message History

A gnoll comes into view. It is wielding a +0 flail.
The gnoll writhes in agony.
The gnoll shouts! x3
The gnoll writhes in agony.
A gnoll comes into view. It is wielding a +0 flail.
The gnoll hits you from afar with a +0 halberd!
A gnoll bouda comes into view. It is wielding a +0 whip.
The gnoll barely resists.
The gnoll bouda shouts!
The gnoll barely misses you. The gnoll hits you but does no damage.
The gnoll bouda gazes fiercely through you!
You feel your attacks grow feeble.
The gnoll writhes in agony.
The gnoll barely misses you.
The gnoll bouda gazes fiercely through you!
You feel as though you will be weak longer.
There is an open door here.
The gnoll attacks as you move away! The gnoll hits you with a +0 club.
The gnoll bouda barks out a call to the hunt!
The gnolls pick up the pace!
You barely miss the gnoll. The gnoll misses you.
The gnoll hits you with a +0 club.
The gnoll hits you from afar with a +0 halberd.
The gnoll bouda gazes fiercely through you!
You feel as though you will be weak longer.
The gnoll attacks as you move away! The gnoll is struck by your spines.
The gnoll closely misses you.
The gnoll bouda gazes fiercely through you!
You feel as though you will be weak longer.
You hit the gnoll.
The gnoll is severely wounded.
The gnoll misses you. The gnoll is struck by your spines.
The gnoll hits you with a +0 club! The gnoll misses you. x2
Unknown command.
You hit the gnoll.
You kill the gnoll!
The gnoll hits you from afar with a +0 halberd.
* * * LOW HITPOINT WARNING * * *
Unknown command.
The gnoll hits you from afar with a +0 halberd!
You die...

.....<...# .........#
.......g.# ......gg.#
#.#####'## #. #g#
.######.#####g###.#
..............>....#
........#....@#######
........#...###
<.......#...#
.........#...#
.............#
.............#
.............#
.............#
.........#...#


You could see 2 gnolls.

Vanquished Creatures
  A kobold brigand (D:3)
  Crazy Yiuf (D:2)
  A gnoll (D:4)
  5 adders
  5 worms
  A dart slug (D:3)
  6 orcs
  5 endoplasms
  3 giant cockroaches
  3 goblins
  2 hobgoblins (D:2)
  8 jackals
  7 kobolds
  2 quokkas (D:3)
  3 ball pythons (D:1)
  3 bats
  3 frilled lizards
  4 rats
  A spectral hobgoblin (D:3)
64 creatures vanquished.

Vanquished Creatures (collateral kills)
  An adder (D:2)
  A quokka (D:2)
  A ball python (D:2)
3 creatures vanquished.

Vanquished Creatures (others)
  An orc (D:4)
1 creature vanquished.

Grand Total: 68 creatures vanquished

Notes
Turn   | Place    | Note
-------+----------+-------------------------------------------
     0 | D:1      | Chingon the Demonspawn Necromancer began the quest for the
                  | Orb.
     0 | D:1      | Reached XP level 1. HP: 13/13 MP: 3/3
   254 | D:1      | Found Umie's Jewellery Shoppe.
   318 | D:1      | Gained mutation: You have a pair of small antennae on your
                  | head. [demonic ancestry]
   318 | D:1      | Reached XP level 2. HP: 17/19 MP: 0/5
   967 | D:2      | Reached skill level 5 in Necromancy
   967 | D:2      | Gained mutation: You are partially covered in sharp spines.
                  | [demonic ancestry]
   967 | D:2      | Reached XP level 3. HP: 14/24 MP: 0/7
  1377 | D:2      | Found a runed translucent door.
  1378 | D:2      | Noticed Crazy Yiuf
  1689 | D:2      | Killed Crazy Yiuf
  1690 | D:2      | Gained mutation: You may rarely emit foul miasma when
                  | damaged in melee. [demonic ancestry]
  1690 | D:2      | Reached XP level 4. HP: 30/30 MP: 3/9
  1699 | D:2      | Identified the +4 hammer of the Pyrrhic Victory {venom, rC+
                  | rCorr Stlth+}
  1951 | D:3      | Found a faded altar of an unknown god.
  2050 | D:3      | Noticed a kobold brigand
  2070 | D:3      | Killed a kobold brigand
  2071 | D:3      | Reached skill level 6 in Necromancy
  2071 | D:3      | Gained mutation: You have a pair of antennae on your head.
                  | [demonic ancestry]
  2071 | D:3      | Reached XP level 5. HP: 21/35 MP: 2/11
  2694 | D:4      | Noticed a moth of wrath
  2700 | D:4      | Found a bloodstained altar of Trog.
  2865 | D:4      | Slain by a gnoll

Illustrated notes

Levels and vault maps discovered:
D:1:      eino_arrival_druids_welcome, layout_basic, serial_shops, shop,
          minmay_domino_2
D:2:      layout_rooms, kennysheep_cluttered_room, hangedman_glass_teeth,
          uniq_crazy_yiuf_cottage
D:3:      layout_rooms, dreamdust_ecumenical_altar_drowned_temple, st_stairs_10
D:4:      layout_basic, nicolae_ru_the_path_less_chosen, tgw_trog,
          marbit_many_paths, uniq_duvessa

Skill      XL: |  1  2  3  4 |
---------------+-------------+-----
Necromancy     | 5 6 |  6.4
Spellcasting   | 3 4 |  4.2
Dodging        | |  1.7
Stealth        | |  1.7

Action                     |  1- 3 |  4- 6 || total
---------------------------+-------+-------++-------
  Melee: Dagger            |    35 |       ||    35
         Mace              |       |    30 ||    30
         Punch             |       |     1 ||     1
   Cast: Necrotise         |    48 |    45 ||    93
   Stab: Sleeping          |     1 |     1 ||     2
 Armour: Robe              |    16 |    15 ||    31
  Dodge: Dodged            |    52 |    27 ||    79
